 Dungeon Crawl Stone Soup version 0.28.0-43-g3370ac3207 (webtiles) character file.

Game seed: 4137177081010325050

4 croobank the Firebug (level 1, 0/11 HPs)
             Began as an Octopode Fire Elementalist on Mar 21, 2022.
             Slain by a hobgoblin (5 damage)
             ... on level 1 of the Dungeon.
             The game lasted 00:00:53 (62 turns).

croobank the Firebug (Octopode Fire Elementalist)     Turns: 62, Time: 00:00:54

Health: 0/11       AC:  1    Str:  7    XL:     1   Next: 70%
Magic:  0/3        EV: 13    Int: 17    God:
Gold:   14         SH:  0    Dex: 12    Spells: 3/4 levels left

rFire   . . .      SeeInvis .   (no weapon)
rCold   . . .      Faith    .   (no shield)
rNeg    . . .      Spirit   .   (helmet restricted)
rPois   .          Reflect  .   (no amulet)
rElec   .          Harm     .   (no ring)
rCorr   .          Rampage  .   (no ring)
Will    .....                   (no ring)
Stlth   +++.......              (no ring)
HPRegen 0.03/turn               (no ring)
MPRegen 0.08/turn               (no ring)
                                (no ring)
                                (no ring)

@: no status effects
A: almost no armour, amphibious, 8 rings, camouflage 1, gelatinous body 1,
(nimble swimmer 1), tentacles
a: no special abilities


You were on level 1 of the Dungeon.
You visited 1 branch of the dungeon, and saw 1 of its levels.

You collected 14 gold pieces.

Inventory:

Missiles
 b - 14 stones
Potions
 a - 2 potions of lignification {unknown}


   Skills:
 + Level 2.1 Dodging
 + Level 2.8 Stealth
 + Level 2.0 Spellcasting
 + Level 1.1 Conjurations
 + Level 3.0 Fire Magic


You had 3 spell levels left.
You knew the following spells:

 Your Spells              Type           Power      Damage    Failure   Level
a - Foxfire               Conj/Fire      32%        2x1d5     9%          1

Your spell library contained the following spells:

 Spells                   Type           Power      Damage    Failure   Level
 Scorch                   Fire           24%        2d6       9%          2
 Conjure Flame            Conj/Fire      8%         6-21      24%         3
 Inner Flame              Hex/Fire       6%         N/A       30%         3
 Flame Wave               Conj/Fire      8%         2d5       63%         4


Dungeon Overview and Level Annotations

Branches:
Dungeon (1/15)

Altars:


Innate Abilities, Weirdness & Mutations

You cannot wear most types of armour.
You are amphibious.
You can wear up to eight rings at the same time.
Your skin changes colour to match your surroundings (Stealth+).
Your rubbery body absorbs attacks. (AC +1, EV +1)
((You are camouflaged when in or above water. (Stealth+)))
You have tentacles for arms and can constrict up to eight enemies at once.


Message History

You constrict the hobgoblin. The hobgoblin completely misses you.
Casting: Foxfire (safe; 9% risk of failure)
Confirm with . or Enter, or press ? or * to list all spells.
You conjure some foxfire!
You constrict the hobgoblin, but do no damage.
The hobgoblin hits you.
You tentacle-slap the hobgoblin but do no damage.
The hobgoblin is moderately wounded.
You constrict the hobgoblin, but do no damage.
The foxfire hits the hobgoblin.
You kill the hobgoblin!
You see here a hobgoblin corpse.
Your foxfire dissipates!
A hobgoblin comes into view.
A ball python comes into view.
The hobgoblin shouts!
A rat comes into view.
Casting: Foxfire (safe; 9% risk of failure)
Confirm with . or Enter, or press ? or * to list all spells.
You don't have enough magic to cast this spell.
The ball python bites you. The ball python grabs you.
The ball python constricts you.
Casting: Foxfire (safe; 9% risk of failure)
Confirm with . or Enter, or press ? or * to list all spells.
You conjure some foxfire!
The ball python bites you but does no damage.
The ball python constricts you.
You closely miss the ball python. You grab the ball python.
You constrict the ball python.
The foxfire hits the ball python.
You kill the ball python!
The foxfire hits the rat.
You kill the rat!
Casting: Foxfire (safe; 9% risk of failure)
Confirm with . or Enter, or press ? or * to list all spells.
You don't have enough magic to cast this spell.
Sorry, you're not good enough to have a special ability.
Casting: Foxfire (safe; 9% risk of failure)
Confirm with . or Enter, or press ? or * to list all spells.
You don't have enough magic to cast this spell.
The hobgoblin hits you.
You die...

#........ #........ .#
#.......# .##
#.......#######..#
#................#
#................##
#.................#
#.........g.......###
#.....†.##.@...#....#
#.......##....###..#
##########.....#..##
###########...†...†.#
#................#...#
#...........######
.... #..............#
._. #...............#
. ##.....#####.....#


You could see a hobgoblin.

Vanquished Creatures
  A hobgoblin (D:1)
  3 ball pythons (D:1)
  A rat (D:1)
5 creatures vanquished.

Vanquished Creatures (others)
  9 foxfires (D:1)
9 creatures vanquished.

Grand Total: 14 creatures vanquished

Notes
Turn   | Place    | Note
-------+----------+-------------------------------------------
     0 | D:1      | croobank the Octopode Fire Elementalist began the quest for
                  | the Orb.
     0 | D:1      | Reached XP level 1. HP: 11/11 MP: 3/3
    27 | D:1      | Found a faded altar of an unknown god.
    62 | D:1      | Slain by a hobgoblin

Illustrated notes

Levels and vault maps discovered:
D:1:      dpeg_arrival_arbitrary_c, layout_basic,
          nicolae_ecumenical_snake_handling

Action                   || total
-------------------------++-------
Melee: Unarmed           ||     5
       Constrict         ||     2
 Cast: Foxfire           ||     5
Armor: Skin              ||     1
Dodge: Dodged            ||     4
